 Dungeon Crawl Stone Soup version 0.27-a0-1202-ge72e49191c (webtiles) character file.

Game seed: 7545436281141130191

4118 27snakeeyes612 the Cleaver (level 10, -1/92 HPs)
             Began as a Naga Fighter on June 3, 2021.
             Was an Initiate of Cheibriados.
             Slain by a hornet (12 damage)
             ... while paralysed by a hornet
             ... on level 9 of the Dungeon.
             The game lasted 00:08:21 (11382 turns).

27snakeeyes612 the Cleaver (Naga Fighter)          Turns: 11382, Time: 00:08:21

Health: -1/92      AC:  9    Str: 24    XL:     10   Next: 26%
Magic:  10/10      EV:  1    Int:  9    God:    Cheibriados [......]
Gold:   1096       SH:  0    Dex: 11    Spells: 9/9 levels left

rFire    . . .     SeeInvis +   e - +2 broad axe (flame)
rCold    . . .     Faith    .   c - +0 kite shield
rNeg     . . .     Spirit   .   t - +0 chain mail
rPois    +         Reflect  .   (no helmet)
rElec    .         Harm     .   (no cloak)
rCorr    .         Rampage  .   (no gloves)
Will     +....                  (no barding)
Stlth    ..........             (no amulet)
HPRegen  0.25/turn              (no ring)
MPRegen  0.12/turn              (no ring)

@: paralysed, lethally poisoned (-1 -> -11), studying Fighting, very slow
A: AC +3, large, see invisible, deformed body, poison resistance, slowness 2,
spit poison 1, naga tail 1
a: Spit Poison, Renounce Religion, Bend Time


You were on level 9 of the Dungeon.
You worshipped Cheibriados.
Cheibriados was noncommittal.
You visited 2 branches of the dungeon, and saw 10 of its levels.

You collected 1096 gold pieces.

Inventory:

Hand Weapons
 a - a +0 war axe
 e - a +2 broad axe of flaming (weapon)
 h - a +1 executioner's axe of electrocution
Missiles
 u - 8 atropa-tipped darts
Armour
 b - a +0 scale mail
 c - a +0 kite shield (worn)
 t - a +0 chain mail (worn)
Wands
 d - a wand of charming (7)
 i - a wand of flame (28)
 v - a wand of mindburst (9)
Scrolls
 j - a scroll of magic mapping
 l - 3 scrolls of noise
 w - a scroll of silence {unknown}
 x - 3 scrolls of teleportation
 y - a scroll of blinking
 B - a scroll of identify
 C - a scroll of fog {unknown}
Potions
 f - 2 potions of attraction
 g - 2 potions of mutation {unknown}
 k - 2 potions of magic
 m - 2 potions of might
 n - a potion of heal wounds
 o - 3 potions of brilliance
 p - a potion of degeneration {unknown}
 q - 2 potions of flight
 r - a potion of haste
 s - 2 potions of curing {unknown}
 z - a potion of resistance {unknown}
 A - a potion of lignification


   Skills:
 + Level 6.5 Fighting
 + Level 9.6 Axes
 + Level 7.0 Armour
 + Level 1.5 Dodging
 + Level 0.8 Stealth
 + Level 5.2 Shields


You had 9 spell levels left.
You didn't know any spells.
Your spell library contained the following spells:

 Spells                   Type           Power      Damage    Failure   Level
 Sandblast                Erth           0%         2d4       99%         1
 Sting                    Tmut/Pois      0%         1d3       99%         1
 Passwall                 Tmut/Erth      0%         N/A       100%        2
 Poisonous Vapours        Pois/Air       0%         N/A       100%        2
 Ignite Poison            Fire/Tmut/Pois 0%         N/A       100%        3
 Mephitic Cloud           Conj/Pois/Air  0%         N/A       100%        3
 Stone Arrow              Conj/Erth      0%         3d7       100%        3
 Olgreb's Toxic Radiance  Pois           0%         N/A       100%        4
 Petrify                  Tmut/Erth      0%         N/A       100%        4
 Irradiate                Conj/Tmut      0%         3d13      100%        5
 Lee's Rapid Deconstruct  Erth           0%         3d5*      100%        5
 Blade Hands              Tmut           0%         N/A       100%        6
 Statue Form              Tmut/Erth      0%         N/A       100%        6
 Dragon Form              Tmut           0%         N/A       100%        7


Dungeon Overview and Level Annotations

Branches:
Dungeon (9/15)             Temple (1/1) D:5
   Lair: D:8-11         Orc: D:9-12

Altars:
Ashenzari
Cheibriados
Dithmenos
Elyvilon
Gozag
Hepliaklqana
Kikubaaqudgha
Makhleb
Nemelex Xobeh
Okawaru
Qazlal
Ru
Sif Muna
Uskayaw
Wu Jian
Xom
Yredelemnul
Zin

Shops:
D:1 (

Annotations:
D:8 3 runed translucent doors, quik's ghost, novice DjTm


Innate Abilities, Weirdness & Mutations

Your serpentine skin is tough. (AC +3)
You have supernaturally acute eyesight. (SInv)
Armour fits poorly on your strangely shaped body.
Your system is resistant to poisons. (rPois)
You cover ground very slowly.
You can spit poison.
You have a snake-like lower body.


Message History

You feel very sick. You block the hornet's attack. The hornet stings you.
You hit the hornet but do no damage.
The hornet is heavily wounded.
You feel sick. The hornet stings you!
You feel yourself slow down.
The hornet stings you but does no damage.
You closely miss the hornet.
The hornet is heavily wounded.
You feel sick. The hornet stings you.
The hornet stings you but does no damage.
You block the hornet's attack.
You completely miss the hornet.
The hornet is heavily wounded.
You feel yourself speed up.
You feel sick. The hornet stings you! You block the hornet's attack.
The hornet stings you!
Unknown command.
You hit the hornet but do no damage.
The hornet is heavily wounded.
You feel sick. The hornet stings you!
You are more poisoned.
You feel yourself slow down. The hornet barely misses you.
You slash the hornet! You burn the hornet.
The hornet is almost dead.
You feel yourself speed up.
You feel very sick.
The hornet stings you but does no damage.
The hornet stings you!
* * * LOW HITPOINT WARNING * * *
You are more poisoned.
You feel yourself slow down.
You feel much better.
You feel yourself speed up.
You feel very sick. The hornet stings you!
* * * LOW HITPOINT WARNING * * *
The hornet stings you!
* * * LOW HITPOINT WARNING * * *
You suddenly lose the ability to move!
The hornet stings you!
You die...

.. .
...###########..
................
.>..............
#<@y..$...
#.........
#.........
#........(
###.......
....... .......
.......


You could see a hornet.

Vanquished Creatures
  2 wyverns
  6 yaks (D:8)
  A steam dragon (D:8)
  5 water moccasins
  4 black bears
  3 ice beasts
  3 ogres
  2 centaurs
  A phantom (D:6)
  A bullfrog (D:8)
  A scorpion (D:5)
  A gnoll sergeant (D:5)
  2 electric eels (D:7)
  A howler monkey (D:8)
  2 centaur zombies
  4 hounds
  A bullfrog skeleton (D:5)
  2 jellies
  A bullfrog zombie (D:6)
  2 orc priests (D:5)
  2 centaur skeletons (D:7)
  A gnoll shaman (D:5)
  4 iguanas
  Ijyb (D:4)
  3 orc wizards (D:5)
  3 hound skeletons
  7 adders
  9 gnolls
  A worm (D:4)
  3 dart slugs
  11 orcs
  14 ball pythons
  4 endoplasms
  5 giant cockroaches
  8 goblins
  11 hobgoblins
  5 jackals
  6 kobolds
  3 quokkas
  2 bats (D:1)
  6 frilled lizards
  8 rats
  A spectral orc (D:4)
163 creatures vanquished.

Vanquished Creatures (others)
  24 fungi
  5 plants (D:7)
29 creatures vanquished.

Grand Total: 192 creatures vanquished

Notes
Turn   | Place    | Note
-------+----------+-------------------------------------------
     0 | D:1      | 27snakeeyes612 the Naga Fighter began the quest for the
                  | Orb.
     0 | D:1      | Reached XP level 1. HP: 21/21 MP: 1/1
   158 | D:1      | Found Atircha's Weapon Shop.
   384 | D:1      | Reached XP level 2. HP: 21/28 MP: 2/2
   646 | D:1      | Reached XP level 3. HP: 9/34 MP: 3/3
  1517 | D:2      | Found a faded altar of an unknown god.
  1586 | D:2      | Reached skill level 3 in Axes
  1586 | D:2      | Reached XP level 4. HP: 6/42 MP: 4/4
  3454 | D:4      | Noticed an ogre
  3514 | D:4      | Noticed a wyvern
  3514 | D:4      | Noticed a black bear
  3791 | D:4      | Identified a scroll of acquirement
  3791 | D:4      | Acquired a +2 broad axe of flaming
  3798 | D:3      | Killed a wyvern
  3799 | D:3      | Reached skill level 4 in Axes
  3799 | D:3      | Reached XP level 5. HP: 5/50 MP: 5/5
  3799 | D:3      | Reached XP level 6. HP: 5/57 MP: 6/6
  4175 | D:4      | Reached skill level 1 in Dodging
  4179 | D:4      | Killed a black bear
  4180 | D:4      | Reached XP level 7. HP: 63/63 MP: 7/7
  4299 | D:4      | Noticed Ijyb
  4303 | D:4      | Killed Ijyb
  4304 | D:4      | Reached skill level 5 in Axes
  4474 | D:4      | Found a shimmering blue altar of Sif Muna.
  4494 | D:4      | Found an iron altar of Okawaru.
  4575 | D:4      | Found a shimmering altar of Xom.
  4955 | D:4      | Found a hazy altar of Hepliaklqana.
  5111 | D:5      | Entered Level 5 of the Dungeon
  5165 | D:5      | Reached skill level 6 in Axes
  5165 | D:5      | Reached XP level 8. HP: 34/72 MP: 8/8
  5433 | D:5      | Found a staircase to the Ecumenical Temple.
  6420 | D:5      | Reached skill level 5 in Fighting
  6638 | D:5      | Found a white marble altar of Elyvilon.
  7063 | D:6      | Reached skill level 5 in Armour
  7468 | D:6      | Reached skill level 7 in Axes
  7470 | D:6      | HP: 3/74 [centaur/arrow (6)]
  8229 | D:6      | Reached XP level 9. HP: 81/81 MP: 9/9
  8491 | D:6      | Reached skill level 8 in Axes
 10316 | D:8      | Acquired a manual of Fighting
 10320 | D:8      | Acquired 712 gold pieces
 10324 | D:8      | Acquired a +1 executioner's axe of electrocution
 10635 | D:8      | Reached skill level 9 in Axes
 10681 | Temple   | Entered the Ecumenical Temple
 10687 | Temple   | Became a worshipper of Cheibriados the Contemplative
 10813 | D:9      | Reached skill level 5 in Shields
 10813 | D:9      | Reached XP level 10. HP: 90/91 MP: 10/10
 11143 | D:8      | Found a runed translucent gate.
 11145 | D:8      | Found a runed translucent gate.
 11145 | D:8      | Found an opulent altar of Gozag.
 11145 | D:8      | Found a runed translucent gate.
 11146 | D:8      | Noticed a cyclops
 11146 | D:8      | Noticed quik's ghost (novice DjTm)
 11146 | D:8      | Noticed an orc knight
 11382 | D:9      | Paralysed by a hornet for 1 turns
 11382 | D:9      | Slain by a hornet

Illustrated notes

Levels and vault maps discovered:
D:1:      heliophobic_arrival_dark_side_of_the_moon, layout_basic, serial_shops,
          nicolae_shop_temple_entry_statues_fountains, minmay_worlds_worst_comb
D:2:      layout_basic, ebering_ecumenical_altar_hall
D:3:      layout_loops_ring, dk_vineyard_1
D:4:      layout_cave_pools, nicolae_hepliaklqana_monster_ancestors,
          nicolae_sif_muna_condensation, old_standard_altar,
          minmay_ruined_shrine, uniq_ijyb
D:5:      layout_loops_ring, lemuel_round_altar, minmay_temple_entry_waves,
          serial_aquarium, aquarium_bridge_square [aquarium_subvault_wall,
          aquarium_subvault_balcony, aquarium_subvault_bridge,
          aquarium_subvault_bridge], aquarium_window_fake, aquarium_window_3,
          aquarium_view_2f, aquarium_view_4, aquarium_balcony_double_4,
          aquarium_pool_S, minmay_misc_feat_encased
D:6:      layout_rooms, serial_aquarium, aquarium_bridge_square
          [aquarium_subvault_bridge, aquarium_subvault_bridge,
          aquarium_subvault_wall, aquarium_subvault_bridge],
          aquarium_bridge_long_separate [aquarium_subvault_bridge,
          aquarium_subvault_bridge, aquarium_subvault_bridge,
          aquarium_subvault_wall, aquarium_subvault_bridge,
          aquarium_subvault_bridge], aquarium_window_double,
          aquarium_window_fake, aquarium_view_2d, minmay_increasing_density
D:7:      layout_loops_ring, serial_bayou, serial_bayou_shore_b,
          serial_bayou_pond_c, serial_bayou_shore_a, serial_bayou_pond_d
D:8:      layout_rooms, ebering_ghost_gozag
D:9:      layout_irregular_city
Temple:   eino_narrow_crystal_temple

Skill      XL: |  1  2  3  4  5  6  7  8  9 10 |
---------------+-------------------------------+-----
Axes           | 3 4 6 7 9 |  9.6
Armour         | 3 4 5 6 7 |  7.0
Shields        | 3 4 5 |  5.2
Dodging        | 1 |  1.5
Fighting       | 4 5 6 |  6.5
Stealth        | |  0.8

Action                   |  1- 3 |  4- 6 |  7- 9 | 10-12 || total
-------------------------+-------+-------+-------+-------++-------
Melee: War axe           |   116 |    94 |       |       ||   210
       Broad axe         |       |    10 |   267 |    19 ||   296
  Use: Potion            |       |     2 |     2 |     1 ||     5
       Scroll            |       |     1 |    16 |       ||    17
Armor: Scale mail        |    48 |    49 |       |       ||    97
       Skin              |       |    13 |       |       ||    13
       Chain mail        |       |     1 |   159 |     8 ||   168
Dodge: Dodged            |    36 |    23 |    69 |     7 ||   135
Block: Kite shield       |    51 |    53 |   169 |    15 ||   288

Table legend: (Time is in decaauts)
 A = Elapsed time spent in this place.
 B = Non-inter-level travel time spent in this place.
 C = Inter-level travel time spent in this place.
 D = Time resting spent in this place.
 E = Time spent auto-exploring this place.
 F = Levels seen in this place.
 G = Mean time per level.
                   A        B        C        D        E       F      G
               +--------+--------+--------+--------+--------+-----+--------+
         Total |  14067 |  13103 |    964 |   2254 |   9488 |  10 | 1406.7 |
       Dungeon |  13948 |  13015 |    933 |   2254 |   9417 |   9 | 1549.8 |
        Temple |    119 |     88 |     31 |      0 |     70 |   1 |  119.0 |
               +--------+--------+--------+--------+--------+-----+--------+

Top non-repeatable levels by time:
     D:5: 3137 daAuts
     D:3: 2043 daAuts
     D:6: 1620 daAuts
     D:1: 1597 daAuts
     D:2: 1571 daAuts
     D:7: 1567 daAuts
     D:8: 1215 daAuts
     D:4: 1173 daAuts
  Temple: 119 daAuts
     D:9: 20 daAuts
